 Dungeon Crawl Stone Soup version 0.30-a0-862-g1aabd4f9c5 (webtiles) character file.

Game seed: 9550736755806466148

39 PimpSugar the Magician (level 3, 0/25 HPs)
             Began as a Demonspawn Hedge Wizard on Mar 9, 2023.
             Slain by a gnoll
             ... wielding a +0 spear
              (2 damage)
             ... on level 2 of the Dungeon.
             The game lasted 00:05:39 (1493 turns).

PimpSugar the Magician (Demonspawn Hedge Wizard)    Turns: 1493, Time: 00:05:40

Health: 0/25       AC:  4    Str: 10    XL:     3   Next: 26%
Magic:  1/7        EV: 12    Int: 17    God:
Gold:   42         SH:  0    Dex: 12    Spells: 2/8 levels left

rFire   . . .      SeeInvis .    j - +2 dagger (venom)
rCold   . . .      Faith    .    (no shield)
rNeg    . . .      Spirit   .    b - +0 robe
rPois   .          Reflect  .    c - +0 hat
rElec   .          Rampage  .    (no cloak)
rCorr   .                        (no gloves)
Will    .....                    (no boots)
Stlth   ++                       (no amulet)
HPRegen 0.24/turn                (no ring)
MPRegen 0.10/turn                (no ring)

@: no status effects
A: molten scales 1, weakness stinger 1
a: no special abilities


You were on level 2 of the Dungeon.
You visited 1 branch of the dungeon, and saw 2 of its levels.

You collected 42 gold pieces.

Inventory:

Hand Weapons
 a - a +0 dagger
 j - a +2 dagger of venom (weapon)
Missiles
 f - 4 atropa-tipped darts
 l - 15 stones
Armour
 b - a +0 robe (worn)
 c - a +0 hat (worn)
Scrolls
 e - a scroll of immolation {unknown}
 g - a scroll of brand weapon {unknown}
 h - a scroll of teleportation {unknown}
 k - a scroll of identify {unknown}
 m - a scroll of magic mapping {unknown}
Potions
 d - 2 potions of magic
 n - a potion of curing {unknown}


   Skills:
 + Level 0.7 Fighting
 + Level 2.0 Dodging
 + Level 2.0 Stealth
 * Level 3.3 Spellcasting
 * Level 1.5 Conjurations
 + Level 0.2 Hexes
 + Level 1.4 Summonings
 + Level 1.1 Translocations


You had 2 spell levels left.
You knew the following spells:

 Your Spells              Type           Power      Damage    Failure   Level
a - Magic Dart            Conj           32%        1d4       9%          1
b - Call Imp              Summ           7%         N/A       14%         2
d - Slow                  Hex            12%        N/A       16%         1
e - Blink                 Tloc           12%        N/A       16%         2

Your spell library contained the following spells:

 Spells                   Type           Power      Damage    Failure   Level
 Cigotuvi's Dreadful Rot  Necr/Pois/Air  4%         N/A       26%         2
 Gell's Gravitas          Tloc           6%         N/A       32%         3
 Teleport Other           Tloc           6%         N/A       32%         3
 Mephitic Cloud           Conj/Pois/Air  4%         N/A       38%         3
 Dispersal                Tloc           3%         N/A       100%        6


Dungeon Overview and Level Annotations

Branches:
Dungeon (2/15)

Altars:

Shops:
D:2 =


Innate Abilities, Weirdness & Mutations

You are partially covered in molten scales. (AC +2)
You have a small tail.


Message History

Aiming: Magic Dart (safe; 9% risk of failure)
Press: ? - help, Shift-Dir - straight line, f/p - gnoll
Aim: a gnoll, wielding a +0 flail (moderately wounded, 100% to hit)
The magic dart hits the gnoll.
The gnoll is heavily wounded.
Casting: Magic Dart (safe; 9% risk of failure)
Confirm with . or Enter, or press ? or * to list all spells.
Aiming: Magic Dart (safe; 9% risk of failure)
Press: ? - help, Shift-Dir - straight line, f/p - gnoll
Aim: a gnoll, wielding a +0 flail (heavily wounded, 100% to hit)
The magic dart hits the gnoll.
The gnoll is severely wounded.
Your crimson imp blinks!
Casting: Magic Dart (safe; 9% risk of failure)
Confirm with . or Enter, or press ? or * to list all spells.
Aiming: Magic Dart (safe; 9% risk of failure)
Press: ? - help, Shift-Dir - straight line, f/p - gnoll
Aim: a gnoll, wielding a +0 flail (severely wounded, 100% to hit)
The magic dart hits the gnoll.
The gnoll is severely wounded.
The gnoll hits you from afar with a +0 spear.
You closely miss the gnoll.
The gnoll is severely wounded.
The gnoll barely misses you.
The gnoll hits you but does no damage. x2
You closely miss the gnoll.
The gnoll is severely wounded.
The gnoll completely misses you.
The gnoll hits you from afar with a +0 spear!
The gnoll barely misses you. The gnoll attacks as you move away!
The gnoll misses you.
There is an entrance to Idoeg's Jewellery Boutique here.
You completely miss the gnoll.
The gnoll is severely wounded.
The gnoll hits you with a +0 flail. The gnoll closely misses you.
The gnoll hits you with a +0 whip!
* * * LOW HITPOINT WARNING * * *
It was a potion of cancellation.
You feel magically purged.
Your crimson imp hits the gnoll.
The gnoll misses you.
The gnoll hits you from afar with a +0 spear.
You die...

#### #. #... #.
###+######.# #.
#.>........# #.
#..........# #.
#..........# #.
#..........######.
#.................
#@........#######.
#######gg5......+.......
#.......g.......########
#........######## #..
#........# #..
#........# #.)
#........# #..
#........# #..
#........# ###


You could see 3 gnolls and a friendly crimson imp (summoned).

Vanquished Creatures
  A dart slug (D:2)
  3 endoplasms
  2 goblins
  A hobgoblin (D:1)
  5 jackals (D:1)
  5 kobolds (D:1)
  A quokka (D:1)
  3 ball pythons (D:1)
  A bat (D:1)
  4 rats (D:1)
26 creatures vanquished.

Vanquished Creatures (collateral kills)
  A ball python (D:1)
  A bat (D:1)
  A goblin (D:1)
  A hobgoblin (D:1)
  A kobold (D:1)
  A quokka (D:1)
  A rat (D:1)
7 creatures vanquished.

Grand Total: 33 creatures vanquished

Notes
Turn   | Place    | Note
-------+----------+-------------------------------------------
     0 | D:1      | PimpSugar the Demonspawn Hedge Wizard began the quest for
                  | the Orb.
     0 | D:1      | Reached XP level 1. HP: 13/13 MP: 4/4
   263 | D:1      | Reached skill level 1 in Translocations
   393 | D:1      | Gained mutation: You are partially covered in molten
                  | scales. (AC +2) [demonic ancestry]
   393 | D:1      | Reached XP level 2. HP: 9/19 MP: 3/6
   473 | D:1      | Learned a level 2 spell: Call Imp
   476 | D:1      | Learned a level 1 spell: Slow
   479 | D:1      | Learned a level 2 spell: Blink
   987 | D:1      | Gained mutation: You have a small tail. [demonic ancestry]
   987 | D:1      | Reached XP level 3. HP: 24/25 MP: 7/7
  1464 | D:2      | Found Idoeg's Jewellery Boutique.
  1493 | D:2      | Slain by a gnoll

Illustrated notes

Levels and vault maps discovered:
D:1:      lemuel_arrival_room, layout_basic
D:2:      layout_basic, serial_shops, shop

Skill      XL: |  1  2  3 |
---------------+----------+-----
Translocations | 1 |  1.1
Stealth        | 2 |  2.0
Dodging        | 2 |  2.0
Fighting       | |  0.7
Spellcasting   | |  3.3
Conjurations   | |  1.5
Hexes          | |  0.2
Summonings     | |  1.4

Action                     || total
---------------------------++-------
  Melee: Dagger            ||    75
         Tailslap          ||     1
   Cast: Magic Dart        ||    27
         Slow              ||     7
         Call Imp          ||     6
    Use: Potion            ||     1
 Armour: Robe              ||    23
  Dodge: Dodged            ||    55

Table legend: (Time is in decaauts)
 A = Elapsed time spent in this place.
 B = Non-inter-level travel time spent in this place.
 C = Inter-level travel time spent in this place.
 D = Time resting spent in this place.
 E = Time spent auto-exploring this place.
 F = Levels seen in this place.
 G = Mean time per level.
                   A        B        C        D        E       F      G
               +--------+--------+--------+--------+--------+-----+--------+
         Total |   1492 |   1456 |     36 |      0 |   1057 |   2 |  746.0 |
       Dungeon |   1492 |   1456 |     36 |      0 |   1057 |   2 |  746.0 |
               +--------+--------+--------+--------+--------+-----+--------+

Top non-repeatable levels by time:
     D:1: 1279 daAuts
     D:2: 212 daAuts
